 Dungeon Crawl Stone Soup version 0.20-a0-191-g0795697 (webtiles) character file.

52 sinon the Ruffian (level 3, 0/31 HPs)
             Began as a Ghoul Monk on Nov 22, 2016.
             Slain by a goblin
             ... wielding a +5 dagger
             ... led by Robin
              (11 damage)
             ... on level 2 of the Dungeon.
             The game lasted 00:05:14 (1376 turns).

sinon the Ruffian (Ghoul Monk)                      Turns: 1376, Time: 00:05:14

Health: 0/31       AC:  2    Str: 15    XL:     3   Next: 85%
Magic:  2/2        EV: 12    Int:  5    God:
Gold:   93         SH:  0    Dex: 11    Spells: 2/2 levels left

rFire  . . .     SeeInvis +       - Unarmed
rCold  + . .     Gourm    .     a - +0 robe
rNeg   + + +     Faith    .     (no shield)
rPois  ∞         Spirit   .     (no helmet)
rElec  .         Reflect  .     (no cloak)
rCorr  +         Harm     .     (no gloves)
MR     .....                    (no boots)
Stlth  ++........               (no amulet)
                                j - ring of see invisible
                                i - ring of resist corrosion

@: rotting
A: rotting body, claws 1, carnivore 3, cold resistance 1, negative energy
resistance 3, slow regeneration 1, torment resistance, unbreathing
a: no special abilities


You were on level 2 of the Dungeon.
You were not hungry.

You visited 1 branch of the dungeon, and saw 2 of its levels.

You collected 93 gold pieces.

Inventory:

Hand Weapons
 h - a +1 dagger of venom
 k - a +0 hunting sling
Missiles
 e - 76 stones (quivered)
Armour
 a - a +0 robe (worn)
Jewellery
 i - a ring of resist corrosion (left claw)
 j - a ring of see invisible (right claw)
Scrolls
 c - 2 scrolls of identify {unknown}
 m - a scroll of teleportation {unknown}
Potions
 f - 2 potions of curing {unknown}
 l - a potion of flight {unknown}
Comestibles
 b - 3 meat rations
 d - a beef jerky
 g - 2 chunks of flesh


   Skills:
 - Level 3.2 Fighting
 - Level 2.6 Dodging
 - Level 2.1 Stealth
 + Level 5.1 Unarmed Combat


You had 2 spell levels left.
You didn't know any spells.

Dungeon Overview and Level Annotations

Branches:
Dungeon (2/15)

Altars:

Annotations:
D:2 Robin


Innate Abilities, Weirdness & Mutations

Your body is rotting away.
You thrive on raw meat.
You are immune to poison.
You have sharp fingernails.
You are carnivorous and can eat meat at any time.
Your flesh is cold resistant. (rC+)
You are immune to negative energy. (rN+++)
You regenerate slowly when monsters are visible.
You are immune to unholy pain and torment.
You can survive without breathing.


Message History

The goblin wields an uncursed dagger.
The goblin barely misses you.
You see here a stone.
You scratch the goblin.
The goblin is moderately wounded.
The goblin misses you.
You scratch the goblin.
You kill the goblin!
The goblin throws a stone.
The stone hits you.
The goblin hits you with an enchanted dagger.
Items here: ( )) †† an uncursed dagger; an uncursed hunting sling; 24 stones; a goblin corpse a hobgoblin corpse You barely miss the goblin.
Robin roars a battlecry!
The goblin goes into a battle-frenzy!
The goblin hits you with an enchanted dagger!
You are too injured to fight recklessly!
Robin throws the goblin at you!
The goblin hits you with an enchanted dagger!
You die...

#.........# #..#.###.# #.#
#........<######.##.##.####.
#.............##...#.#.#.#..
#......>.)....###..##.###...
##...(.........###....#.#.#..
.....(.)...######..#..####...
...........# #...#...##....
.........g.#####.#.#.#.##..#.
....>......)@g.#.#.#.#####..#
....##########.#.#...# #..#..
.... #..##...####..#. ...
#..#..#..#.#.... ##
#....###.....8.8
##.#..#..#.#....
#.##...####..#. ##.#...#
#..#.. #.#.#.#####..#


You could see Robin and a goblin.

Vanquished Creatures
  An ooze (D:1)
  A dart slug (D:1)
  4 leopard geckos
  6 hobgoblins
  A ball python (D:2)
  4 bats (D:1)
  6 frilled lizards
  11 goblins
  3 kobolds (D:1)
  6 rats (D:1)
43 creatures vanquished.

Notes
Turn   | Place    | Note
-------+----------+-------------------------------------------
     0 | D:1      | sinon the Ghoul Monk began the quest for the Orb.
     0 | D:1      | Reached XP level 1. HP: 19/19 MP: 0/0
   146 | D:1      | Reached XP level 2. HP: 22/26 MP: 1/1
   241 | D:1      | Reached skill level 4 in Unarmed Combat
   565 | D:1      | Reached XP level 3. HP: 31/31 MP: 2/2
  1115 | D:2      | Reached skill level 5 in Unarmed Combat
  1370 | D:2      | Noticed Robin
  1376 | D:2      | Slain by a goblin

Vault maps used:
D:1:      mainiacjoe_arrival_reflecting_pool
D:2:      wad_crossroads, uniq_robin

Skill      XL: |  1  2  3 |
---------------+----------+-----
Unarmed Combat | 4 5 |  5.1
Fighting       | |  3.2
Dodging        | |  2.6
Stealth        | |  2.1

Action                   || total
-------------------------++-------
Melee: Unarmed           ||   127
       Punch             ||     1
Throw: Stone             ||     7
 Stab: Sleeping          ||     4
  Eat: Chunk             ||     5
Armor: Robe              ||    23
Dodge: Dodged            ||    78
